 Dungeon Crawl Stone Soup version 0.18.1-6-gd335043 (webtiles) character file.

79 m0ast the Charmwright (level 4, -5/37 HPs)
             Began as a Ghoul Skald on May 17, 2016.
             Slain by a big kobold
             ... wielding a +0 dagger
              (7 damage)
             ... on level 3 of the Dungeon.
             The game lasted 00:09:06 (2168 turns).

m0ast the Charmwright (Ghoul Skald)                 Turns: 2168, Time: 00:09:06

Health: -5/37      AC:  4    Str: 16    XL:     4   Next: 38%
Magic:  2/6        EV: 11    Int:  7    God:
Gold:   34         SH:  0    Dex:  8    Spells: 2 memorised, 4 levels left

rFire  . . .     SeeInvis .       - Unarmed
rCold  + . .     Gourm    .     a - +0 leather armour
rNeg   + + +     Faith    .     (no shield)
rPois  ∞         Spirit   .     (no helmet)
rElec  .         Dismiss  .     (no cloak)
rCorr  .         Reflect  .     (no gloves)
SustAt .         Harm     .     e - +0 pair of boots
MR     .....                    (no amulet)
Stlth  +.........               (no ring)
                                (no ring)

@: rotting, not resistant to hostile enchantments, very unstealthy
A: rotting body, claws 1, carnivore 3, cold resistance 1, negative energy
resistance 3, slow regeneration 1, torment resistance, unbreathing
a: no special abilities


You were on level 3 of the Dungeon.
You were not hungry.

You visited 1 branch of the dungeon, and saw 3 of its levels.

You collected 34 gold pieces.

Inventory:

Hand Weapons
 l - a +0 club
Armour
 a - a +0 leather armour (worn)
 e - a +0 pair of boots (worn)
 p - a cursed -2 helmet
Jewellery
 g - a +5 ring of strength {unknown}
Scrolls
 f - a scroll of enchant weapon {unknown}
 h - 2 scrolls of teleportation {unknown}
 i - 2 scrolls of identify {unknown}
 n - a scroll of fog {unknown}
 o - 2 scrolls of magic mapping {unknown}
Potions
 d - a potion of berserk rage {unknown}
 k - a potion of ambrosia {unknown}
Books
 b - a book of Battle

   Spells                             Type                      Level
   a - Infusion                       Charms                       1
   b - Shroud of Golubria             Charms/Translocation         2
   c - Song of Slaying                Charms                       2
   d - Spectral Weapon                Hexes/Charms                 3
   e - Regeneration                   Charms/Necromancy            3
Comestibles
 c - a meat ration
 j - a chunk of flesh
 m - a beef jerky


   Skills:
 + Level 2.4 Fighting
 * Level 1.6 Armour
 + Level 1.2 Dodging
 + Level 1.9 Stealth
 * Level 2.9 Unarmed Combat
 + Level 2.2 Spellcasting
 + Level 2.9 Charms


You had 4 spell levels left.
You knew the following spells:

 Your Spells              Type           Power        Failure   Level  Hunger
a - Infusion              Chrm           #...         17%         1    ##.....
b - Song of Slaying       Chrm           #.......     24%         2    ###....


Dungeon Overview and Level Annotations

Branches:
Dungeon (3/15)

Altars:
Nemelex Xobeh
Yredelemnul


Innate Abilities, Weirdness & Mutations

Your body is rotting away.
You thrive on raw meat.
You are immune to poison.
You have sharp fingernails.
You are carnivorous and can eat meat at any time.
Your flesh is cold resistant.
You are immune to negative energy.
You regenerate slowly when monsters are visible.
You are immune to unholy pain and torment.
You can survive without breathing.


Message History

The big kobold is severely wounded.
The big kobold barely misses you.
You scratch the big kobold.
The big kobold is severely wounded.
The big kobold closely misses you.
You scratch the big kobold.
The big kobold is almost dead.
The big kobold hits you with a dagger.
* * * LOW HITPOINT WARNING * * *
You scratch the big kobold but do no damage.
The big kobold is almost dead.
The big kobold hits you with a dagger.
* * * LOW HITPOINT WARNING * * *
You closely miss the big kobold.
The big kobold is almost dead.
The big kobold hits you but does no damage.
You closely miss the big kobold.
The big kobold is almost dead.
The big kobold hits you with a dagger!
You die...

..##..# #..........
#####.###### #.......... #
#..#... +.......... # ##.#.#
#.......... # #...#
#.......... # ##..#
#.....(.... # #..# #..K...K...
# #..#######K####### #
#........#@#
########.#####.#.########
................(........
#########.####.##.############
#..# #.##............#
##.###.##..#########.#
#..##.##..# #...# ##.##.##..#
#.### #..#.##..#######.#


You could see a big kobold and a kobold.

Vanquished Creatures
  2 adders
  An ooze (D:2)
  2 giant geckos (D:2)
  4 ball pythons
  9 bats
  6 giant cockroaches
  4 goblins
  6 hobgoblins
  3 jackals (D:2)
  5 giant newts
  6 kobolds
  7 rats
55 creatures vanquished.

Notes
Turn   | Place    | Note
--------------------------------------------------------------
     0 | D:1      | m0ast the Ghoul Skald began the quest for the Orb.
     0 | D:1      | Reached XP level 1. HP: 17/17 MP: 2/2
    61 | D:1      | Reached skill level 1 in Dodging
   257 | D:1      | Reached XP level 2. HP: 20/23 MP: 0/3
   431 | D:1      | Reached skill level 1 in Armour
   438 | D:1      | Reached skill level 1 in Stealth
   895 | D:1      | Learned a level 2 spell: Song of Slaying
  1154 | D:2      | Reached XP level 3. HP: 30/30 MP: 2/5
  1495 | D:2      | Found a sparkling altar of Nemelex Xobeh.
  1596 | D:2      | Found a basalt altar of Yredelemnul.
  1724 | D:2      | Reached XP level 4. HP: 34/37 MP: 3/6
  2121 | D:3      | Noticed a big kobold
  2168 | D:3      | Slain by a big kobold

Skill      XL: |  1  2 |
---------------+-------+-----
Dodging        | 1 |  1.2
Armour         | 1 |  1.6
Stealth        | 1 |  1.9
Spellcasting   | 2 |  2.2
Fighting       | |  2.4
Unarmed Combat | |  2.9
Charms         | |  2.9

Action                   |  1- 3 |  4- 6 || total
-------------------------+-------+-------++-------
Melee: Unarmed           |   114 |    65 ||   179
       Punch             |       |     1 ||     1
 Cast: Infusion          |    18 |     4 ||    22
       Song of Slaying   |     2 |     1 ||     3
 Stab: Sleeping          |       |     1 ||     1
  Eat: Chunk             |    11 |     2 ||    13
Armor: Leather armour    |    41 |    19 ||    60
Dodge: Dodged            |    71 |    38 ||   109
